[Event "German Bundesliga 2023-24"]
[Site "Germany"]
[Date "2024.02.24"]
[Round "10.17"]
[White "Kruckenhauser, Arthur"]
[Black "Aditya Mittal"]
[Result "0-1"]
[ECO "B23"]
[WhiteElo "2313"]
[BlackElo "2588"]
[Annotator "TA"]
[PlyCount "70"]
[EventDate "2023.10.20"]
[EventType "team-tourn"]
[EventCountry "GER"]
[SourceTitle "playchess.com"]
[Source "ChessBase"]
[SourceQuality "1"]
[TimeControl "40/6000+30:3000+30"]

1. e4 c5 2. Nc3 d6 3. Bb5+ Bd7 4. Bxd7+ Nxd7 5. Qe2 a6 6. b3 g6 7. Bb2 Bg7 8. f4 {[%emt 0:06:57] The position is equal.} e6 9. Nf3 Ne7 10. O-O O-O 11. Nd1 d5 12. Bxg7 Kxg7 13. d3 Qc7 14. g3 Rae8 15. c4 d4 16. Nf2 f6 17. Qd2 Nc6 18. Kg2 b5 19. h4 h5 20. Rfe1 b4 21. Re2 a5 22. Rae1 (22. Rg1 $11) 22... Qb7 (22... e5 {feels hotter.} 23. f5 Rh8 24. fxg6 Ne7) 23. g4 hxg4 24. Nxg4 Rh8 25. Kg3 Rh5 26. e5 {[%emt 0:02:14] [#] Threatens to win with Nxf6.} fxe5 27. fxe5 ({Don't play} 27. Ng5 Ne7 28. Kf2 (28. Nxe5 $2 Nf5+ 29. Kf2 Nxe5 $19) (28. Nxe6+ $2 Kg8 $19) 28... Nf5 $15 (28... Rxh4 29. Nxe6+ Kg8 30. Rg1 $17)) 27... Qb8 28. Ng5 {[%emt 0:01:48] Qf4 is the strong threat.} Ne7 29. Nxe6+ Kg8 {[%emt 0:00:04] Hoping for ...Nf5+. Dancing on a razor blade.} 30. Nf4 (30. Kf2 $11) 30... Nf5+ $17 31. Kf2 Rxh4 32. Rg1 Nxe5 (32... Ne3 $5 33. Rxe3 dxe3+ 34. Qxe3 Rxg4 35. Rxg4 Nxe5 $17) 33. Nxe5 (33. Rxe5 $11 Rxe5 34. Nxg6) 33... Rxe5 34. Rxg6+ $2 (34. Rxe5 $17 Rh2+ (34... Qxe5 35. Nxg6 Rh2+ 36. Kf3 $16) 35. Rg2 Rxg2+ (35... Qxe5 36. Rxh2 Ne3 37. Rh1 $16) 36. Nxg2 Qxe5 37. Qg5) 34... Kf7 $19 {[%emt 0:01:12][%cal Oh4f4] ( -> ...Rxf4+!)} 35. Rg2 {[%emt 0:00:39] [#]} Rxf4+ $1 {[%emt 0:00:23][%mdl 512] Weighted Error Value: White=0.58/Black=0.07 (flawless) .  Loses game:     	White=1     	---        Mistake:       	White=3     	---        Inaccurate:     	White=3     	Black=4      OK:         	White=10    	Black=14     Best:        	White=1     	Black=3} 0-1

[Event "German Bundesliga 2023-24"]
[Site "Germany"]
[Date "2024.02.24"]
[Round "10.18"]
[White "Iturrizaga Bonelli, Eduardo"]
[Black "Kollars, Dmitrij"]
[Result "1/2-1/2"]
[ECO "A17"]
[WhiteElo "2600"]
[BlackElo "2633"]
[Annotator "TA"]
[PlyCount "57"]
[EventDate "2023.10.20"]
[EventType "team-tourn"]
[EventCountry "GER"]
[SourceTitle "playchess.com"]
[Source "ChessBase"]
[SourceQuality "1"]
[TimeControl "40/6000+30:3000+30"]

1. Nf3 d5 2. e3 Nf6 3. c4 e6 4. Nc3 b6 5. b3 Bb7 6. Bb2 Nbd7 7. g3 dxc4 8. bxc4 {[%emt 0:01:07] The position is equal.} e5 9. Bg2 e4 $1 10. Ng5 Nc5 {[%emt 0:01:17] [#] Strongly threatening ...Nd3+.} 11. O-O h6 12. Nh3 Bd6 13. f4 Qe7 14. Nb5 Nd3 {[%emt 0:02:35] Prevents Nf2.} 15. Bc3 O-O 16. g4 Bb4 17. Bxf6 Qxf6 ({But not} 17... gxf6 $6 18. Nd4 $14) 18. Nxc7 Rad8 19. Nd5 $1 Bxd5 20. cxd5 Qh4 21. Nf2 ({Much weaker is} 21. Bxe4 Qxh3 22. Bg2 (22. Bxd3 Rxd5 23. Rb1 Rxd3 $17) 22... Qh4 $17) 21... Nxf2 22. Rxf2 Rxd5 (22... Rfe8 $11) 23. Bxe4 $16 Qxf2+ 24. Kxf2 Rxd2+ {[%emt 0:00:04] [#]} 25. Qxd2 $1 Bxd2 $14 {[%emt 0:00:06] KRB-KRB} 26. Rd1 Bb4 27. Rd7 {[%emt 0:00:42][%cal Oe4d5] White is slightly better.} Re8 28. Kf3 {[%emt 0:03:16] White is more active.} a5 29. Bd5 {[%emt 0:05:24] Weighted Error Value: White=0.07 (flawless) /Black=0.08 (flawless) .  Mistake:       	---       	Black=1      Inaccurate:     	White=1     	Black=3      OK:         	White=7     	Black=12     Best:        	White=4     	Black=1      Strong:       	White=1     	Black=1} 1/2-1/2

[Event "German Bundesliga 2023-24"]
[Site "Germany"]
[Date "2024.02.24"]
[Round "10.19"]
[White "Kamsky, Gata"]
[Black "Oleksiyenko, Mykhaylo"]
[Result "1/2-1/2"]
[ECO "B40"]
[WhiteElo "2634"]
[BlackElo "2567"]
[Annotator "TA"]
[PlyCount "58"]
[EventDate "2023.10.20"]
[EventType "team-tourn"]
[EventCountry "GER"]
[SourceTitle "playchess.com"]
[Source "ChessBase"]
[SourceQuality "1"]
[TimeControl "40/6000+30:3000+30"]

1. e4 c5 2. Nf3 e6 3. d4 cxd4 4. Nxd4 Nf6 5. Nc3 Bb4 6. e5 Nd5 7. Bd2 Nxc3 8. bxc3 Be7 9. Qg4 Kf8 10. Bd3 Na6 11. O-O {[%emt 0:01:16] Threatens to win with f4. White is much more active.} Nc5 {[%emt 0:05:18] White is slightly better.} 12. f4 {[%emt 0:02:12] f5 would now be deadly.} h5 13. Qe2 g6 14. Be3 b6 15. a4 (15. f5 {looks sharper.} Nxd3 16. fxe6 dxe6 17. Nc6) 15... Bb7 16. Nb5 Bc6 17. Bd4 h4 18. h3 Rh5 19. c4 a6 20. Nd6 Bxd6 21. exd6 Nxd3 22. cxd3 f6 {[%emt 0:00:49] [#]} 23. f5 Rxf5 $11 {[%emt 0:03:27] The position is equal.} 24. Rxf5 (24. Qg4 $5 Kf7 $8 25. Rxf5 (25. Qxh4 Qh8 $15) 25... gxf5 (25... exf5 26. Qxh4 Qh8 27. Qxh8 $11) 26. Qh5+ (26. Qxh4 Qh8 $15) 26... Kg7 27. Qg5+ (27. Qxh4 e5 $15) 27... Kf7 28. Qh5+ (28. Qxh4 Qh8 $15) 28... Kg7 29. Qg5+ (29. Qxh4 e5 $15) 29... Kf7 30. Qh5+ $11 (30. Qxh4 Qh8 $15)) 24... gxf5 25. Qh5 Kg7 {[%emt 0:00:13] Repels Qh8+} 26. Qg5+ Kf7 27. Qh5+ (27. Qxh4 Qh8 28. Qxh8 Rxh8 $16) 27... Kg7 28. Qg5+ Kf7 29. Qh5+ (29. Qxh4 Qh8 30. Qxh8 Rxh8 $16) 29... Kg7 {[%emt 0:00:02] Weighted Error Value: White=0.09 (flawless) /Black=0.12 (very precise) .  Mistake:       	White=1     	---        Inaccurate:     	White=3     	Black=4      OK:         	White=9     	Black=6      Best:        	---       	Black=5} 1/2-1/2

[Event "German Bundesliga 2023-24"]
[Site "Germany"]
[Date "2024.02.24"]
[Round "10.20"]
[White "Laurent-Paoli, Pierre"]
[Black "Gustafsson, Jan"]
[Result "1-0"]
[ECO "D50"]
[WhiteElo "2540"]
[BlackElo "2620"]
[Annotator "TA"]
[PlyCount "95"]
[EventDate "2023.10.20"]
[EventType "team-tourn"]
[EventCountry "GER"]
[SourceTitle "playchess.com"]
[Source "ChessBase"]
[SourceQuality "1"]
[TimeControl "40/6000+30:3000+30"]

1. d4 Nf6 2. c4 e6 3. Nc3 d5 4. Bg5 dxc4 5. e3 c5 6. Bxc4 {[%emt 0:03:35] D50: Queen's Gambit Declined: Dutch-Peruvian Gambit.} cxd4 7. exd4 Be7 8. Nf3 h6 9. Bf4 Nc6 10. O-O O-O 11. Re1 Nd5 12. Bxd5 exd5 13. Qb3 Bb4 $146 ({Predecessor:} 13... Bd6 14. Bxd6 Qxd6 15. Qxd5 Qb4 16. Qb5 Rd8 17. Rad1 Bg4 18. d5 Qxb5 19. Nxb5 Nb4 {1-0 Do Amaral,G (1952)-Volkmann,A (2112) Florianopolis Winter op 6th 2022 (6)}) 14. Ne5 a5 15. Nxc6 bxc6 16. a3 Bxc3 17. Qxc3 Bd7 18. a4 Qb6 19. Re7 Bf5 20. Bc7 Qa6 21. Rc1 Rfc8 22. Be5 (22. Qxc6 Qxc6 23. Rxc6 Rab8 $11) 22... Ra7 23. Qg3 Bg6 24. Rxa7 Qxa7 25. h4 h5 $1 26. Rc5 Qe7 27. Qh3 Re8 28. Rxc6 (28. Rxa5 $2 f6 29. Qg3 Kh7 $19) 28... f6 29. Qb3 (29. Rc7 $14 Qe6 30. Qxe6+ Rxe6 31. Bg3) 29... Kh7 30. Rc7 Qe6 31. Bg3 Qg4 32. Kh2 (32. Qxd5 $2 Re1+ 33. Kh2 Qd1 $19) 32... Qxd4 33. Rd7 Re2 34. Qb7 f5 (34... Rxf2 $5 35. Rxg7+ (35. Bxf2 Qxf2 36. Qxd5 Qxh4+ 37. Kg1 Qe1+ 38. Kh2 Qh4+ 39. Kg1 Qe1+ 40. Kh2 Qh4+ $11) 35... Kh6 $14) 35. Qxd5 Qxd5 36. Rxd5 Re4 {[%emt 0:00:15] [#]} (36... f4 $14) 37. f3 $1 $16 (37. Rxa5 f4 38. b3 fxg3+ 39. Kxg3 Rg4+ 40. Kh3 Bf7 $15) 37... Rxa4 38. Be1 Ra2 ({Black should try} 38... Kg8 39. Rb5 (39. Rxa5 Rxa5 40. Bxa5 Be8 $14) 39... Kf7) 39. Bc3 $16 (39. Rxa5 Rxb2 40. Rc5 Re2 $11) 39... a4 40. Rd7 Be8 41. Rxg7+ Kh6 42. Ra7 Ra1 43. Kg3 Rd1 44. Kf4 Rg1 $2 (44... Bb5 45. Rb7 (45. Kxf5 Rd7 $18) 45... Bc6) 45. Ra8 $2 (45. Kxf5 Rd1 46. Be5 Bd7+ 47. Kf6) 45... Bg6 $2 (45... Bd7 46. Rh8+ Kg6) 46. g3 $2 (46. Ke5 Rd1 47. Rxa4) 46... Ra1 $2 (46... Rd1 47. Rxa4 Rd7) 47. Ra7 Ra2 48. Ke5 1-0

[Event "German Bundesliga 2023-24"]
[Site "Germany"]
[Date "2024.02.24"]
[Round "10.21"]
[White "Zilka, Stepan"]
[Black "Grigoriants, Sergey"]
[Result "1/2-1/2"]
[ECO "C78"]
[WhiteElo "2599"]
[BlackElo "2543"]
[Annotator "TA"]
[PlyCount "49"]
[EventDate "2023.10.20"]
[EventType "team-tourn"]
[EventCountry "GER"]
[SourceTitle "playchess.com"]
[Source "ChessBase"]
[SourceQuality "1"]
[TimeControl "40/6000+30:3000+30"]

1. e4 e5 2. Nf3 Nc6 3. Bb5 a6 4. Ba4 Nf6 5. O-O b5 6. Bb3 Bc5 7. c3 d6 8. a4 Rb8 9. d4 Bb6 $1 10. a5 Ba7 11. Be3 Bg4 12. Nbd2 {[%emt 0:05:35] next dxe5 is good for White.} O-O 13. Qe1 Re8 14. dxe5 dxe5 15. Bxa7 Nxa7 16. Qe3 Nc8 17. h3 Bxf3 18. Nxf3 Nd6 19. Rfd1 Qe7 20. Ng5 Rf8 (20... h6 21. Rxd6 cxd6 22. Bxf7+ Kh8 23. Bxe8 Qxe8 24. Nf3) 21. Qc5 h6 22. Nf3 Rfe8 23. Re1 Nb7 ({Much worse is} 23... Nfxe4 24. Qc6 $16) 24. Qe3 Qc5 25. Ba2 {[%emt 0:08:24] Weighted Error Value: White=0.14 (very precise) /Black=0.07 (flawless) .  Inaccurate:     	White=3     	Black=1      OK:         	White=6     	Black=8} 1/2-1/2

[Event "German Bundesliga 2023-24"]
[Site "Germany"]
[Date "2024.02.24"]
[Round "10.22"]
[White "Riehle, Marco"]
[Black "Dautov, Rustem"]
[Result "1/2-1/2"]
[ECO "B14"]
[WhiteElo "2368"]
[BlackElo "2584"]
[Annotator "TA"]
[PlyCount "65"]
[EventDate "2023.10.20"]
[EventType "team-tourn"]
[EventCountry "GER"]
[SourceTitle "playchess.com"]
[Source "ChessBase"]
[SourceQuality "1"]
[TimeControl "40/6000+30:3000+30"]

1. e4 c6 2. c4 d5 3. exd5 cxd5 4. d4 Nf6 5. Nc3 e6 6. Nf3 Bb4 7. cxd5 Nxd5 8. Bd2 Nc6 9. Bd3 O-O 10. O-O Be7 11. Qe2 Nf6 12. Ne4 Qb6 13. Rfd1 Bd7 14. Nxf6+ Bxf6 {[%emt 0:00:34] White is slightly better.} 15. Bg5 (15. Ne5 $5 Rad8 (15... Nxd4 16. Qe4 $18) (15... Qxd4 $2 16. Bc3 $18) 16. Nc4 Qxd4 17. Ba5 $16) 15... Bxg5 (15... Nxd4 16. Qe4 (16. Bxh7+ Kh8 $14) 16... Nf5 (16... Nxf3+ $2 17. gxf3 g6 18. Bxf6 $18) 17. Bxf6 gxf6 18. Qf4 $14) (15... Bxd4 $6 16. Nxd4 Nxd4 17. Qg4 $16) 16. Bxh7+ Kxh7 17. Nxg5+ Kh6 (17... Kg6 $11 18. Qg4 f5 (18... Qxb2 19. Nxe6+ Kf6 20. Qg5+ Kxe6 21. d5+ Kd6 22. dxc6+ Ke6 23. Re1+ Kd6 24. cxd7 $18)) 18. Qe3 $1 $14 {[%emt 0:06:50][%csl LRe6,LRf7][%mdl 1024] White has compensation.} e5 (18... Qxb2 19. Nxe6+ Kh7 20. Qe4+ Kg8 21. Ng5 $18) (18... f6 $14 19. Nxe6+ Kh7 20. Nxf8+ Rxf8) 19. Ne6+ $1 $16 Kh7 20. Qe4+ Kg8 21. Ng5 g6 (21... exd4 22. Qh7#) 22. Qh4 Kg7 {[%emt 0:00:06] White must now prevent ...Rh8.} 23. Qh7+ Kf6 24. Ne4+ $40 {[%emt 0:00:27][%mdl 128] White goes for the king.} Ke7 25. Qg7 {[%emt 0:06:42] Intending Qf6+ and mate.} Rg8 (25... exd4 26. Qf6+ Ke8 27. Nd6#) (25... Nxd4 $2 26. Qxe5+ Kd8 27. Rxd4 $18 (27. Qxd4 Qxd4 28. Rxd4 Kc7 $16)) 26. Qf6+ Kf8 27. dxe5 Bg4 {[%emt 0:00:14][%cal Og8g7] [#]} 28. Ng5 $1 Rg7 {[%emt 0:00:40][%cal Oa8e8] And now ...Re8! would win.} 29. h3 $1 {[%emt 0:04:51] Dancing on a razor blade. White is much more active.} Nxe5 {[%emt 0:00:41] [#]} 30. Qxb6 $1 $18 {[%emt 0:01:41] White is clearly better.} ({Inferior is} 30. Qxe5 Bxd1 31. Rxd1 Re8 $11) 30... axb6 31. hxg4 Nxg4 32. Rd7 Re8 {[%emt 0:00:41] [#]} 33. f3 {[%emt 0:03:24] Weighted Error Value: White=0.02 (flawless) /Black=0.18 (very precise) .  Mistake:       	White=1     	Black=3      OK:         	White=10    	Black=5      Best:        	White=1     	Black=5      Strong:       	White=4     	---} ({Not} 33. Rxb7 f6 34. Rxg7 (34. Rxb6 fxg5 35. a4 Ra7 $15) 34... Kxg7 $14) (33. Rc1 $1 $18 {is the precise move to win.}) 1/2-1/2

[Event "German Bundesliga 2023-24"]
[Site "Germany"]
[Date "2024.02.24"]
[Round "10.23"]
[White "Kozak, Adam"]
[Black "Georgiev, Kiril"]
[Result "1-0"]
[ECO "C50"]
[WhiteElo "2600"]
[BlackElo "2548"]
[Annotator "RC"]
[PlyCount "187"]
[EventDate "2023.10.20"]
[EventType "team-tourn"]
[EventCountry "GER"]
[SourceTitle "playchess.com"]
[Source "ChessBase"]
[SourceQuality "1"]
[TimeControl "40/6000+30:3000+30"]

1. e4 e5 2. Nf3 Nc6 3. Bc4 Nf6 4. d3 Bc5 5. a4 h6 6. a5 a6 7. O-O O-O 8. c3 d6 9. Be3 Ba7 10. Nbd2 Ne7 11. Re1 Bxe3 12. Rxe3 Ng6 13. h3 Rb8 14. d4 Re8 15. Bf1 Be6 16. g3 Nh7 17. Bg2 Ng5 18. Nxg5 Qxg5 19. Nf3 Qe7 20. Re1 Rf8 21. Nd2 Qf6 22. Nf1 Ne7 23. Ne3 Rbd8 24. Qd2 Qg5 25. b4 c6 26. Rad1 Bb3 27. Rc1 Be6 28. Qe2 exd4 29. cxd4 d5 30. e5 Nf5 31. Nxf5 Bxf5 32. Rc3 Rfe8 33. f4 Qe7 34. Rb3 Be4 35. g4 f5 36. Bxe4 dxe4 37. Qc4+ Rd5 38. gxf5 Qf7 39. Rxe4 Qxf5 40. Rbe3 Re6 41. Qe2 Rb5 42. Qe1 Kf7 43. Kh2 Ke8 44. Qd2 Kd7 45. Re1 Kc8 46. R4e2 Kb8 47. Rf1 Rd5 48. Rf3 g6 49. Rc3 Rd8 50. Kg3 g5 51. fxg5 hxg5 52. Rf3 Qh7 53. Kg2 Qh4 54. Rg3 Rh8 55. Qe3 Ka8 56. Rf2 Rg6 57. Rg4 Qh7 58. Qd3 Qg8 59. Rf3 Rgh6 60. Qb3 Qd8 61. Qf7 R6h7 62. Qe6 Re8 63. Qg6 Rh4 64. Qe4 Qe7 65. Qe1 Qe6 66. Rxh4 gxh4 67. Qxh4 Qd5 68. Qf2 Qd8 69. Kh2 Qe7 70. Qd2 Rh8 71. Rf4 Qe6 72. Qe3 Qe7 73. Qc3 Qe6 74. Rf2 Qd7 75. Qe3 Qe7 76. e6 Qxb4 77. Qe5 Re8 78. Re2 Qe7 79. Qc5 Qc7+ 80. Qe5 Qe7 81. Kg2 Rg8+ 82. Kh1 Qh4 83. Kh2 Qe7 84. Qf4 Rh8 85. Qg4 Qd6+ 86. Qg3 Qe7 87. Qg4 Re8 88. h4 Rh8 89. Kh3 Qf6 90. Kg2 Qe7 91. Qg5 Qe8 92. Kf1 Rf8+ 93. Ke1 Rg8 94. Qc5 1-0

[Event "German Bundesliga 2023-24"]
[Site "Germany"]
[Date "2024.02.24"]
[Round "10.24"]
[White "Lai, Hing Ting"]
[Black "Heimann, Andreas"]
[Result "1/2-1/2"]
[ECO "D78"]
[WhiteElo "2464"]
[BlackElo "2552"]
[Annotator "RC"]
[PlyCount "40"]
[EventDate "2023.10.20"]
[EventType "team-tourn"]
[EventCountry "GER"]
[SourceTitle "playchess.com"]
[Source "ChessBase"]
[SourceQuality "1"]
[TimeControl "40/6000+30:3000+30"]

1. Nf3 d5 2. g3 g6 3. Bg2 Bg7 4. d4 Nf6 5. O-O O-O 6. Nbd2 c6 7. c4 Bf5 8. b3 Ne4 9. Bb2 Nd7 10. Nh4 Nxd2 11. Qxd2 Be6 12. cxd5 cxd5 13. Qb4 a5 14. Qxb7 a4 15. Nf3 Rb8 16. Qc6 axb3 17. axb3 Rxb3 18. Ba3 Bf6 19. Qa4 Rb8 20. Rfc1 Ra8 1/2-1/2

[Event "German Bundesliga 2023-24"]
[Site "Germany"]
[Date "2024.02.24"]
[Round "10.25"]
[White "Nakamura, Hikaru"]
[Black "Anand, Viswanathan"]
[Result "1/2-1/2"]
[ECO "C47"]
[WhiteElo "2788"]
[BlackElo "2748"]
[Annotator "TA"]
[PlyCount "109"]
[EventDate "2023.10.20"]
[EventType "team-tourn"]
[EventCountry "GER"]
[SourceTitle "playchess.com"]
[Source "ChessBase"]
[SourceQuality "1"]
[TimeControl "40/6000+30:3000+30"]

1. e4 e5 2. Nf3 Nc6 3. Nc3 Nf6 4. d4 exd4 5. Nxd4 Bb4 6. Nxc6 bxc6 7. Bd3 O-O 8. O-O d5 9. exd5 cxd5 10. h3 $1 {[%emt 0:00:04][%mdl 4] is currently scoring better than 10.Bg5. C47: Scotch Four Knights and Four Knights with 4 g3.} c6 11. Qf3 Bd6 12. Re1 Nd7 13. Bf4 Nc5 14. Rad1 $146 ({Predecessor:} 14. Ne2 Ne6 15. Bxd6 Qxd6 16. Qf5 g6 17. Qf6 c5 18. c4 Bb7 19. Rad1 {½-½ Abel,D (2427)-Lehner,O (2453) AUT-chT 1112 2012 (10.6)}) 14... Rb8 15. b3 Qf6 16. Ne2 a5 17. Bxd6 (17. Qg3 {is interesting.} Rd8 18. c4 Ba6 19. Bc2) 17... Qxd6 18. c4 Nxd3 19. Qxd3 a4 20. bxa4 Ba6 21. Qc3 (21. c5 Bxd3 22. cxd6 Bxe2 23. Rxe2 Rbd8 $16) 21... Qb4 $1 22. cxd5 Bxe2 $1 23. Qxb4 (23. Qxc6 $2 {loses.} Bxd1 24. Rxd1 Rfe8 $19) 23... Rxb4 24. Rxe2 cxd5 25. Rxd5 Rxa4 26. Red2 h5 ({Black should play} 26... g6 $14) 27. Kf1 ({White should try} 27. Rxh5 $16 Rfa8 28. g3) 27... Rfa8 28. Rd8+ Rxd8 29. Rxd8+ Kh7 30. Rd2 h4 31. Ke2 g5 32. Kd3 g4 33. hxg4 Rxg4 34. f3 Ra4 35. Kc3 h3 36. gxh3 Ra3+ 37. Kc4 Rxf3 38. Rd3 Rf1 39. a4 Ra1 $1 40. Kb5 f5 41. Rd4 Rf1 $1 42. a5 f4 43. Rb4 f3 44. Rb3 Kg6 45. a6 Kg5 $1 46. Kb6 (46. a7 $5 Ra1 $8 47. Kb6 $11) 46... Kf4 $1 47. h4 Ra1 48. Rb2 Kg4 49. Rb4+ Kg3 50. Rb3 Kg4 51. Rxf3 Kxf3 52. a7 Kg4 53. Kb7 Kxh4 54. a8=R Rxa8 55. Kxa8 1/2-1/2

[Event "German Bundesliga 2023-24"]
[Site "Germany"]
[Date "2024.02.24"]
[Round "10.26"]
[White "Rapport, Richard"]
[Black "Abdusattorov, Nodirbek"]
[Result "1/2-1/2"]
[ECO "C77"]
[WhiteElo "2717"]
[BlackElo "2716"]
[Annotator "TA"]
[PlyCount "43"]
[EventDate "2023.10.20"]
[EventType "team-tourn"]
[EventCountry "GER"]
[SourceTitle "playchess.com"]
[Source "ChessBase"]
[SourceQuality "1"]
[TimeControl "40/6000+30:3000+30"]

1. e4 e5 2. Nf3 Nc6 3. Bb5 a6 4. Ba4 Nf6 5. d3 d6 6. c4 g6 7. Nc3 Bg7 8. h3 O-O 9. O-O Nd4 10. Nxd4 exd4 11. Ne2 Nd7 12. b4 a5 13. Bxd7 Bxd7 14. b5 f5 15. exf5 Bxf5 16. Ng3 Be6 17. a4 Qd7 18. Ne4 Rae8 19. f3 Bf5 20. Bd2 b6 21. Qe2 h6 22. Rae1 {[%emt 0:07:00] Weighted Error Value: White=0.03 (flawless) /Black=0.06 (flawless) .  OK:         	White=10    	Black=4} 1/2-1/2

[Event "German Bundesliga 2023-24"]
[Site "Germany"]
[Date "2024.02.24"]
[Round "10.27"]
[White "Duda, Jan-Krzysztof"]
[Black "Aronian, Levon"]
[Result "1/2-1/2"]
[ECO "C67"]
[WhiteElo "2726"]
[BlackElo "2725"]
[Annotator "RC"]
[PlyCount "141"]
[EventDate "2023.10.20"]
[EventType "team-tourn"]
[EventCountry "GER"]
[SourceTitle "playchess.com"]
[Source "ChessBase"]
[SourceQuality "1"]
[TimeControl "40/6000+30:3000+30"]

1. e4 e5 2. Nf3 Nc6 3. Bb5 Nf6 4. O-O Nxe4 5. Re1 Nd6 6. Nxe5 Be7 7. Bf1 Nxe5 8. Rxe5 O-O 9. Nc3 Ne8 10. Nd5 Bd6 11. Re1 c6 12. Ne3 Be7 13. c4 Nc7 14. d4 d5 15. cxd5 Bb4 16. Bd2 Bxd2 17. Qxd2 Nxd5 18. Nxd5 Qxd5 19. Re5 Qd6 20. Bc4 Bd7 21. a3 Rad8 22. Qe3 Rfe8 23. Re1 Qf8 24. f4 b6 25. b4 Rxe5 26. dxe5 Be6 27. Qe4 c5 28. f5 Bxc4 29. Qxc4 Rd4 30. Qc3 h6 31. e6 fxe6 32. fxe6 Qe7 33. bxc5 bxc5 34. h3 Rd8 35. Kh1 Kh8 36. Qc4 Rc8 37. a4 Re8 38. Qb5 Rc8 39. Qd7 Re8 40. Kh2 Kh7 41. Qc6 Qh4 42. Re4 Rc8 43. Qb7 Rb8 44. Qd5 Qe7 45. Re1 Rc8 46. Qc4 Qd6+ 47. Kh1 Re8 48. Qe4+ Kh8 49. a5 Qd2 50. e7 c4 51. Rf1 Qd6 52. Rf7 Qd1+ 53. Kh2 Qd6+ 54. Kg1 Qd1+ 55. Kf2 Qd2+ 56. Kf3 Qd1+ 57. Kg3 Qd6+ 58. Kh4 c3 59. Qf5 Rg8 60. g4 Qh2 61. g5 Qe2 62. gxh6 Qe1+ 63. Qf2 Qe4+ 64. Kg3 c2 65. Rxg7 Qe5+ 66. Kh4 Qe4+ 67. Kg3 Qd3+ 68. Kh2 Qd6+ 69. Qg3 Qd2+ 70. Qg2 Qf4+ 71. Qg3 1/2-1/2

[Event "German Bundesliga 2023-24"]
[Site "Germany"]
[Date "2024.02.24"]
[Round "10.28"]
[White "Vachier-Lagrave, Maxime"]
[Black "Mamedyarov, Shakhriyar"]
[Result "1/2-1/2"]
[ECO "C83"]
[WhiteElo "2734"]
[BlackElo "2734"]
[Annotator "TA"]
[PlyCount "73"]
[EventDate "2023.10.20"]
[EventType "team-tourn"]
[EventCountry "GER"]
[SourceTitle "playchess.com"]
[Source "ChessBase"]
[SourceQuality "1"]
[TimeControl "40/6000+30:3000+30"]

1. e4 e5 2. Nf3 Nc6 3. Bb5 a6 4. Ba4 Nf6 5. O-O Nxe4 6. d4 b5 7. Bb3 d5 8. dxe5 Be6 9. c3 Be7 10. Nbd2 Nc5 11. Bc2 d4 12. Nb3 d3 13. Bb1 Nxb3 14. axb3 {[%emt 0:00:05] White is slightly better.} Bf5 15. b4 O-O 16. h3 Qd7 17. Re1 Rfd8 18. g4 Bg6 19. Ba2 {[%emt 0:00:16] The position is equal.} Qc8 20. Bg5 a5 $1 21. bxa5 {[%emt 0:00:31] aiming for b4.} Bxg5 $1 22. Nxg5 Nxa5 23. Nxf7 Bxf7 24. Bxf7+ Kxf7 25. e6+ $1 Kg8 $1 {[%emt 0:00:05] [#] White must now prevent ...d2.} 26. e7 Re8 27. Qxd3 Nb7 28. Rxa8 (28. Qxb5 Rxa1 29. Qd5+ Kh8 30. Rxa1 Rxe7 $19) 28... Qxa8 29. Qd5+ Kh8 30. Qd7 Qb8 31. Re5 Nd6 32. Rc5 $1 h6 33. Rxc7 (33. Qxc7 $2 Qxc7 34. Rxc7 Kg8 $17) 33... Ne4 34. Rb7 Qa8 {[%emt 0:00:04] [#] ...Nc5 would now be deadly.} 35. Ra7 (35. Qxb5 $2 {loses.} Nd6 $19) (35. Rxb5 Nf6 36. Qc7 Kh7) 35... Qb8 36. Rb7 Qa8 {[%emt 0:00:04] ...Nc5 is the strong threat.} 37. Ra7 {[%emt 0:01:04] Weighted Error Value: White=0.01 (flawless) /Black=0.01 (flawless) .  OK:         	White=16    	Black=13     Best:        	White=1     	Black=2      Strong:       	White=2     	Black=3} (37. Qxb5 $2 {too greedy.} Nd6 38. Qb4 Nxb7 $19 (38... Qxb7 $2 39. Qxd6 Qxe7 40. Qd5 $19)) 1/2-1/2